AoeStats
← JFVCas

Arabia

503523901Analyzed
1v1 RM · 2mo ago on Sep 1, 2026· 56m 50s· 2 players
Game mode
Random Map
Map size
Tiny (2 player)
Population
200
Speed
Normal
Resources
Standard
Victory
Conquest
Starting age
Dark Age
Ending age
Imperial Age
RankedLock teamsTeams togetherTeam positionsShared explorationLock speedFull tech treeHidden civsTurbo modeCheats
Victory
Defeat
🇺🇸 Burgundians · United States
1160
+15
vs
🇵🇪 Vikings · Peru
1130
-15
JFVCas
7:59 Loom
10:03 Feudal Age
10:45 Double-Bit Axe
16:16 Horse Collar
19:45 Fletching
19:55 Padded Archer Armor
26:41 Castle Age
25:50 Scale Mail Armor
26:02 Forging
26:04 Arson
26:47 Crossbowman
26:51 Pikeman
29:22 Gambesons
29:47 Bodkin Arrow
30:31 Iron Casting
32:14 Heavy Plow
32:39 Town Watch
32:48 Gold Mining
32:48 Stone Mining
37:11 Chieftains
38:16 Gold Shaft Mining
37:31 Stone Mining
39:54 Town Patrol
43:36 Imperial Age
42:46 Bow Saw
43:24 Chain Mail Armor
43:25 Leather Archer Armor
43:39 Arbalester
44:42 Conscription
44:49 Squires
45:25 Plate Mail Armor
50:05 Light Cavalry
50:10 Elite Berserk
JackalSwitch
7:33 Loom
9:58 Feudal Age
10:01 Man-at-Arms
11:08 Horse Collar
16:25 Fletching
21:02 Wheelbarrow
23:53 Castle Age
22:50 Scale Barding Armor
22:58 Forging
23:31 Heavy Plow
23:19 Double-Bit Axe
23:55 Cavalier
25:05 Bow Saw
27:10 Chain Barding Armor
27:27 Husbandry
28:23 Padded Archer Armor
28:53 Elite Skirmisher
31:59 Bodkin Arrow
33:25 Crop Rotation
33:49 Ballistics
36:39 Hand Cart
36:10 Town Watch
39:35 Imperial Age
40:15 Leather Archer Armor
40:01 Scale Mail Armor
40:37 Iron Casting
39:57 Gold Mining
39:57 Stone Mining
41:17 Chemistry
41:37 Leather Archer Armor
43:41 Two-Man Saw
43:18 Gold Shaft Mining
42:09 Light Cavalry
43:15 Chain Mail Armor
43:17 Burgundian Vineyards
44:58 Town Patrol
46:11 Hussar
50:25 Paladin
54:41 Flemish Revolution
Connection lost

Rejoining the realm…

Still unreachable

The connection could not be restored.

Session expired

The server has moved on; the page needs a fresh start.